Map: Central Protocol

Players

lesha

  • Race: Terran Terran
  • League: Silver

DrTavo - Winner!

  • Race: Terran Terran
  • League: Gold

VOD

Have the link to the VOD?

Description

Time

  • Played on: Dec. 17, 2015, 8:39 a.m.
  • Length: 6:54
Show
View Real Time Build Order
Export as new Build Order

lesha Terran 

Build Orders: Reaper Expand 

Get SALT Encoding   

  12  0:01  SCV  
  13  0:13  SCV  
  14  0:18  Supply Depot  
  14  0:25  SCV  
  15  0:39  SCV  
  15  0:40  Barracks  
  16  0:50  Refinery  
  16  0:51  SCV  
  17  1:03  SCV  
  18  1:15  SCV  
  19  1:33  Reaper  
  20  1:40  Orbital Command  
  20  1:41  Command Center  
  20  1:54  Refinery  
  20  2:16  Marine  
  20  2:21  Factory  
  20  2:32  SCV  
  21  2:39  Marine  
  22  2:44  SCV  
  23  3:02  Supply Depot  
  23  3:04  Barracks  
  23  3:06  Supply Depot  
  23  3:08  SCV, Starport  
  23  3:09  Barracks Reactor  
  23  3:10  Factory Tech Lab  
  24  3:18  Orbital Command  
  24  3:26  Bunker  
  24  3:35  SCV  
  24  3:45  Siege Tank  
  24  3:46  Starport Reactor  
  24  3:47  SCV  
  28  3:49  Marine x2  
  30  4:00  SCV x2  
  32  4:08  Barracks Reactor, Supply Depot  
  32  4:10  Marine x2  
  32  4:12  SCV  
  35  4:25  Medivac  
  35  4:31  Marine x2  
  38  4:33  Siege Tank  
  38  4:37  SCV x2  
  31  5:08  SCV x2  
  33  5:18  Marine x3  
  33  5:19  Marine  
  33  5:20  SCV x2  
  33  5:21  Medivac x2  
  40  5:43  Engineering Bay  
  40  5:51  SCV x2  
  40  5:57  Marine x2  
  42  6:03  SCV x2  
  46  6:15  SCV x2, Marine x2  
  48  6:27  SCV x2  
Show
View Real Time Build Order
Export as new Build Order

DrTavo Terran - Winner!

Build Orders: 1/1/1 

Get SALT Encoding   

  12  0:01  SCV  
  13  0:13  SCV  
  14  0:22  Supply Depot  
  14  0:25  SCV  
  15  0:32  Refinery  
  15  0:45  Barracks  
  15  0:50  SCV  
  16  1:02  SCV  
  17  1:14  SCV  
  18  1:22  Refinery  
  18  1:26  SCV  
  18  1:32  Supply Depot, Marine  
  20  1:39  Factory  
  20  1:45  Orbital Command  
  20  1:52  Marine  
  21  2:13  SCV  
  21  2:15  Barracks Reactor  
  22  2:25  SCV, Starport  
  23  2:30  Hellion  
  24  2:37  SCV  
  25  2:49  SCV  
  26  2:52  Marine x2  
  26  2:54  Hellion  
  26  2:58  Supply Depot  
  30  3:01  SCV  
  31  3:19  Medivac, Marine x2  
  35  3:28  Factory Tech Lab  
  35  3:30  SCV  
  36  3:38  Command Center  
  36  3:43  Marine x2  
  38  4:05  Supply Depot  
  38  4:11  Engineering Bay  
  38  4:14  Marine  
  39  4:27  Viking, Siege Tank, Marine  
  39  4:28  Supply Depot  
  40  5:06  Medivac  
  42  5:07  Siege Tank  
  42  5:08  Orbital Command  
  42  5:11  Marine x2  
  42  5:14  Missile Turret  
  47  5:32  SCV  
  48  5:39  Siege Tank  
  51  5:44  Marine x2  
  51  5:46  Starport Reactor  
  53  5:58  Orbital Command  
  53  6:02  SCV  
  54  6:05  Missile Turret, Marine x2  
  56  6:11  Siege Tank  
  56  6:14  SCV  
Tags
 
Add a new tag
Caveats
  • Supply blocks, unpowered buildings, or Contaminate may cause inaccurate times.
  • Supply counts are checked every 10 seconds.